 Dungeon Crawl Stone Soup version 0.31-a0-221-gbddc013574 (webtiles) character file.

Game seed: 7335005650256428316

8 Essalna the Firebug (level 2, -1/20 HPs)
             Began as a Demonspawn Fire Elementalist on July 4, 2023.
             Slain by a quokka (4 damage)
             ... on level 1 of the Dungeon.
             The game lasted 00:01:34 (335 turns).

Essalna the Firebug (Demonspawn Fire Elementalist)   Turns: 335, Time: 00:01:35

Health: -1/20      AC:  3    Str:  8    XL:     2   Next: 0%
Magic:  3/5        EV: 12    Int: 16    God:
Gold:   41         SH:  0    Dex: 13    Spells: 4/5 levels left

rFire   . . .        e - +0 dagger
rCold   . . .        (no shield)
rNeg    . . .        a - +0 robe
rPois   .            (helmet restricted)
rElec   .            (no cloak)
rCorr   .            (no gloves)
SInv    .            c - +0 pair of boots
Will    .....        (no amulet)
Stlth   ++           (no ring)
HPRegen 0.23/turn    (no ring)
MPRegen 0.09/turn

%: no passive effects
@: no status effects
A: horns 1
a: no special abilities


You were on level 1 of the Dungeon.
You visited 1 branch of the dungeon, and saw 1 of its levels.

You collected 41 gold pieces.

Inventory:

Hand Weapons
 e - a +0 dagger (weapon)
Armour
 a - a +0 robe (worn)
 c - a +0 pair of boots (worn)
Potions
 b - a potion of magic
 d - a potion of invisibility


   Skills:
 + Level 0.7 Fighting
 - Level 1.7 Dodging
 - Level 1.7 Stealth
 - Level 2.0 Spellcasting
 + Level 1.3 Conjurations
 + Level 2.9 Fire Magic


You had 4 spell levels left.
You knew the following spells:

 Your Spells              Type           Power      Damage    Failure   Level
a - Foxfire               Conj/Fire      32%        2x1d5     9%          1

Your spell library contained the following spells:

 Spells                   Type           Power      Damage    Failure   Level
 Scorch                   Fire           20%        2d6       10%         2
 Sandblast                Erth           2%         2d4       21%         1
 Ensorcelled Hibernation  Hex/Ice        2%         N/A       30%         2
 Passwall                 Tmut/Erth      0%         N/A       30%         2
 Inner Flame              Hex/Fire       6%         N/A       34%         3
 Volatile Blastmotes      Fire/Tloc      12%        2d11      34%         3
 Stone Arrow              Conj/Erth      6%         3d7       43%         3
 Swiftness                Air            1%         N/A       52%         3
 Flame Wave               Conj/Fire      8%         2d5       65%         4


Dungeon Overview and Level Annotations

Branches:
Dungeon (1/15)

Altars:


Innate Abilities, Weirdness & Mutations

You have a pair of small horns on your head.


Message History

The quokka bites you.
You barely miss the quokka. Your headbutt misses the quokka.
The quokka is moderately wounded.
The quokka bites you but does no damage.
You closely miss the quokka. Your headbutt misses the quokka.
The quokka is moderately wounded.
The quokka barely misses you.
You closely miss the quokka.
The quokka is moderately wounded.
The quokka completely misses you. The quokka bites you.
You hit the quokka but do no damage.
The quokka is moderately wounded.
The quokka bites you. The quokka bites you.
The quokka bites you but does no damage.
The quokka completely misses you. The quokka closely misses you.
The quokka bites you. The quokka bites you. The quokka closely misses you.
The quokka bites you.
* * * LOW HITPOINT WARNING * * *
The quokka bites you but does no damage.
The quokka closely misses you. The quokka barely misses you.
The quokka closely misses you. The quokka closely misses you.
The quokka bites you.
* * * LOW HITPOINT WARNING * * *
The quokka bites you.
* * * LOW HITPOINT WARNING * * *
The quokka closely misses you.
The quokka twitches its whiskers.
The quokka barely misses you.
The quokka bites you but does no damage.
The quokka closely misses you. The quokka misses you.
The quokka closely misses you. The quokka misses you. x2
The quokka barely misses you. The quokka bites you.
You die...

#####.......#### r #.
#..............#. .
#............#.. . .
#.............##...
#................$.
#............>##...
..................#..†...
.>.....######........##..
....... #....@r........
................#........
.......#####....#........
....... ................
####### #......#........
........#........
.........#........
#...#....########. ##.


You could see a quokka.

Vanquished Creatures
  A ball python (D:1)
  2 giant cockroaches (D:1)
  A goblin (D:1)
  2 frilled lizards (D:1)
  2 rats (D:1)
8 creatures vanquished.

Vanquished Creatures (others)
  22 foxfires (D:1)
22 creatures vanquished.

Grand Total: 30 creatures vanquished

Notes
Turn   | Place    | Note
-------+----------+-------------------------------------------
     0 | D:1      | Essalna the Demonspawn Fire Elementalist began the quest
                  | for the Orb.
     0 | D:1      | Reached XP level 1. HP: 13/13 MP: 3/3
   305 | D:1      | Discovered your monstrous ancestry.
   305 | D:1      | Gained mutation: You have a pair of small horns on your
                  | head. [demonic ancestry]
   305 | D:1      | Reached XP level 2. HP: 20/20 MP: 0/5
   327 | D:1      | HP: 1/20 [quokka (4)]
   335 | D:1      | Slain by a quokka

Illustrated notes

Levels and vault maps discovered:
D:1:      sevenhm_arrival_forest_fort_large_2, layout_rooms, minmay_ruptured

Action                     || total
---------------------------++-------
  Melee: Unarmed           ||    23
         Dagger            ||     9
         Punch             ||     1
   Cast: Foxfire           ||    12
    Use: Scroll            ||     1
   Stab: Sleeping          ||     1
 Armour: Robe              ||     7
  Dodge: Dodged            ||    43

Table legend: (Time is in decaauts)
 A = Elapsed time spent in this place.
 B = Non-inter-level travel time spent in this place.
 C = Inter-level travel time spent in this place.
 D = Time resting spent in this place.
 E = Time spent auto-exploring this place.
 F = Levels seen in this place.
 G = Mean time per level.
                   A        B        C        D        E       F      G
               +--------+--------+--------+--------+--------+-----+--------+
         Total |    334 |    334 |      0 |      0 |    197 |   1 |  334.0 |
       Dungeon |    334 |    334 |      0 |      0 |    197 |   1 |  334.0 |
               +--------+--------+--------+--------+--------+-----+--------+

Top non-repeatable levels by time:
     D:1: 334 daAuts
